cohdb
Replays
Latest Replays
All Replays
Popular Replays
Top Player Replays
Match Explorer
How It Works
Community
CoH3 Stats
Reddit
Sign in to upload your games and track your stats! →
Sign in with Steam
Match 42744333
Unlisted
Match 42744333
Overview
Messages
Build Orders
End
Kradschützen Motorcycle Team
Selects Armored Support Battlegroup
Panzerpioneer Squad
Panzergrenadier Squad
Panzergrenadier Squad
250 Light Carrier
Selects Superior Fire Drills
Construct Light Support Kompanie
Selects Salvage Kits
Assault Mechanized Group
Fire Support Elements
Flakvierling Half-track
Panzerjäger Squad
2.5-tonne Medical Truck
Veteran Squad Leaders
Vehicle Survival Package
Assault Mechanized Group
Selects Flammpanzer III Medium Tank
Selects Command Panzer IV F Medium Tank
Flammpanzer III Medium Tank
Trion
Shitmatchking
0
0
Comments
sign in to comment!
No comments posted yet!